[Event "98th Caplin Hastings Masters 2024-25"]
[Site "Hastings"]
[Date "2024.12.29"]
[Round "2.40"]
[White "Marusenko, Petr"]
[Black "Bazakutsa, Svyatoslav"]
[Result "1/2-1/2"]
[ECO "E68"]
[WhiteElo "2021"]
[BlackElo "2484"]
[Annotator "TA"]
[PlyCount "202"]
[EventDate "2024.12.23"]
[EventType "swiss"]
[EventCountry "ENG"]
[SourceTitle "playchess.com"]
[Source "ChessBase"]
[SourceQuality "1"]
[TimeControl "5400+30"]

1. d4 Nf6 2. c4 g6 3. Nc3 Bg7 4. g3 O-O 5. Bg2 d6 6. Nf3 Nbd7 7. O-O e5 8. e4 exd4 9. Nxd4 Re8 10. h3 Nc5 11. Re1 h6 12. Qc2 Ne6 13. Nf3 Nd7 14. Be3 Ne5 15. Nd2 c5 16. Rad1 a6 17. f4 Nc6 18. Nf3 Ned4 19. Qf2 Be6 20. e5 dxe5 21. fxe5 Qa5 22. Ne4 Nxf3+ 23. Bxf3 Nxe5 24. Nd6 Nxf3+ 25. Qxf3 Qxa2 26. Nxe8 Rxe8 27. Qxb7 Qxc4 28. Qc6 Rc8 29. Qg2 Rb8 30. Rd2 Rb3 31. Bf4 Kh7 32. Be5 Bxe5 33. Rxe5 Rxb2 34. Rxb2 Qd4+ 35. Kh2 Qxe5 36. Re2 Qf6 37. Qf2 Qe7 38. Qf4 h5 39. Qe5 h4 40. g4 g5 41. Rb2 f6 42. Qe4+ Kh6 43. Rb7 Qd6+ 44. Kg1 Qg3+ 45. Kf1 Qxh3+ 46. Ke1 Qc3+ 47. Kf2 Qd2+ 48. Kg1 Qd1+ 49. Kf2 Qd2+ 50. Kg1 Qd4+ 51. Qxd4 cxd4 52. Rb6 Bxg4 53. Rxf6+ Kh5 54. Rd6 Bf3 55. Rxd4 g4 56. Kf2 Bc6 57. Rd6 g3+ 58. Kg1 Bb7 59. Rd7 Bf3 60. Rh7+ Kg5 61. Rg7+ Kf6 62. Rh7 Kg5 63. Rg7+ Kh6 64. Rf7 Be2 65. Kg2 Bd3 66. Rf8 Kg5 67. Rg8+ Kf4 68. Rh8 Kg4 (68... Be4+ $1 $17 69. Kg1 Kg5 70. Rg8+ Bg6) 69. Rg8+ $11 Kf4 (69... Kf5 $11) 70. Rh8 $1 $17 {[%emt 0:00:23] [#]} Be4+ $1 71. Kh3 $2 (71. Kf1 $17 {is more resistant.}) 71... Bf5+ $2 (71... Kf3 $19 {( -> ...Kf2)} 72. Rf8+ Ke3) 72. Kxh4 $11 g2 73. Rg8 Kf3 74. Rg5 Bc8 75. Rg8 Bf5 (75... a5 $5 76. Rf8+ $8 Ke3 77. Re8+ Kd4 $11) 76. Rg5 Bd7 (76... Be4 $5 77. Kh3 $8 Kf2 $11) 77. Rg7 a5 (77... Bc6 $5 78. Kh3 $8 Kf2 $11) 78. Rf7+ Ke2 79. Re7+ (79. Rg7 $5) 79... Kf2 (79... Kf1 $5 80. Rf7+ $8 Ke1 81. Re7+ Kf2 82. Rf7+ Ke3 83. Re7+ Kf2 $11) 80. Rf7+ Ke3 81. Re7+ Kf4 (81... Kf3 $5 82. Rf7+ $8 Ke3 83. Re7+ Kf3 $11) 82. Rf7+ $2 {[%emt 0:00:10][%mdl 8192] [#]} (82. Rg7 $11) 82... Ke5 $2 (82... Bf5 $1 {mates} 83. Rg7 Kf3 84. Rg5 Bc8 85. Rg8 a4 86. Rf8+ Ke3 87. Re8+ Kf4 88. Rxc8 g1=Q (88... g1=R 89. Rc4+ Kf5 90. Rxa4 $11) 89. Rf8+ Ke3 90. Kh5 Qh2+ 91. Kg6 Qc2+ (91... Qd6+ $2 92. Kf7 $19) 92. Kg7 Qg2+ 93. Kf7 Qd5+ 94. Kg6 a3 (94... Qd6+ $2 95. Kf7 $19) 95. Rf7 Qxf7+ 96. Kxf7 a2 97. Kf8 a1=Q (97... a1=B 98. Kg8 $11) 98. Ke7 Qe5+ 99. Kd7 Qd5+ 100. Ke7 Kf4 101. Ke8 Ke5 102. Kf8 Qd7 103. Kg8 Kf6 104. Kh8 Qg7#) 83. Rg7 $11 Bc6 84. Kh3 Kd4 85. Kh2 Kc5 86. Rg4 Bd5 (86... a4 {simplifies} 87. Rxa4 Bxa4 88. Kxg2 Kc4) 87. Kg1 Kb5 88. Rg5 Kc6 89. Rg4 Kc5 90. Kf2 Bc6 91. Kg1 Kb5 92. Rg5+ Kb4 93. Rg4+ Kb3 94. Rg3+ Kc4 95. Rg4+ Kc5 96. Kf2 Bd5 97. Ke3 a4 98. Kd2 Bf3 99. Rg3 Kd4 100. Kc1 Ke3 (100... Be4 $5 101. Kb2 $8 Ke5 $11) 101. Rxg2 Bxg2 1/2-1/2

[Event "98th Caplin Hastings Masters 2024-25"]
[Site "Hastings"]
[Date "2024.12.29"]
[Round "2.41"]
[White "Zhou, Yang-Fan"]
[Black "Lux, Hugo de Melo"]
[Result "1/2-1/2"]
[ECO "B32"]
[WhiteElo "2424"]
[BlackElo "2327"]
[Annotator "TA"]
[PlyCount "75"]
[EventDate "2024.12.23"]
[EventType "swiss"]
[EventCountry "ENG"]
[SourceTitle "playchess.com"]
[Source "ChessBase"]
[SourceQuality "1"]
[TimeControl "5400+30"]

1. e4 c5 2. Nf3 Nc6 3. d4 cxd4 4. Nxd4 e5 5. Nb5 d6 6. N1c3 a6 7. Na3 Be7 8. Nc4 b5 9. Ne3 Nf6 10. Bd3 O-O 11. O-O Rb8 12. Re1 Bb7 13. Nf5 Nd4 14. Nxd4 exd4 15. Ne2 Qb6 16. Ng3 Rfe8 17. a4 Bf8 18. Qd2 (18. axb5 $142 axb5 19. Bg5) 18... Bc6 19. axb5 axb5 (19... Bxb5 $11 20. b3 d5) 20. b3 $14 g6 21. Bb2 Bg7 22. Qb4 $1 Ng4 23. h3 Ne5 24. Rad1 Qc5 ({Much worse is} 24... Nxd3 25. Rxd3 Qc5 26. Qd2 $16) 25. Qd2 $1 (25. Qxd4 $2 {loses.} Nf3+ 26. gxf3 Bxd4 $19) 25... Ba8 26. Ne2 Nc4 27. bxc4 bxc4 28. Ba1 cxd3 29. cxd3 d5 30. Rc1 Qb6 31. Ng3 (31. Red1 $11) 31... h5 32. Qf4 Be5 33. Qg5 Bf6 34. Qf4 Be5 35. Qg5 Bf6 36. Qf4 $1 Be5 37. Qg5 Bxg3 (37... dxe4 $15 38. Nxe4 Qb7) 38. Qxg3 (38. e5 $5) 1/2-1/2

[Event "98th Caplin Hastings Masters 2024-25"]
[Site "Hastings"]
[Date "2024.12.29"]
[Round "2.42"]
[White "Graham, Oliver"]
[Black "Bhatia, Kanishka"]
[Result "0-1"]
[ECO "C41"]
[WhiteElo "1789"]
[BlackElo "2018"]
[Annotator "RC"]
[PlyCount "80"]
[EventDate "2024.12.23"]
[EventType "swiss"]
[EventCountry "ENG"]
[SourceTitle "playchess.com"]
[Source "ChessBase"]
[SourceQuality "1"]
[TimeControl "5400+30"]

1. e4 d6 2. d4 Nf6 3. Nc3 Nbd7 4. Nf3 e5 5. dxe5 dxe5 6. Bc4 Be7 7. O-O c6 8. a3 Qc7 9. Bg5 Nf8 10. h3 h6 11. Be3 g5 12. Nh2 Ng6 13. Re1 Rg8 14. Ng4 Rh8 15. Nxf6+ Bxf6 16. Qf3 Qe7 17. Bb3 Nh4 18. Qh5 b6 19. a4 Rg8 20. f3 Ng6 21. a5 b5 22. a6 Nf4 23. Bxf4 gxf4 24. Qxh6 Rh8 25. Qxh8+ Bxh8 26. Red1 Bd7 27. Rd2 O-O-O 28. Rad1 Qc5+ 29. Kh1 Qe7 30. Ne2 Bf6 31. c4 Qb4 32. Ba2 Be6 33. Rxd8+ Bxd8 34. b3 bxc4 35. bxc4 Bxc4 36. Bxc4 Qxc4 37. Ng1 Bb6 38. h4 Qxa6 39. h5 Bd4 40. Kh2 c5 0-1

[Event "98th Caplin Hastings Masters 2024-25"]
[Site "Hastings"]
[Date "2024.12.29"]
[Round "2.43"]
[White "Prudent, Sylvio"]
[Black "Sciupokas, Arunas"]
[Result "0-1"]
[ECO "A04"]
[WhiteElo "1780"]
[BlackElo "1969"]
[Annotator "NA RC"]
[PlyCount "70"]
[EventDate "2024.12.23"]
[EventType "swiss"]
[EventCountry "ENG"]
[SourceTitle "playchess.com"]
[Source "ChessBase"]
[SourceQuality "1"]
[TimeControl "5400+30"]

1. Nf3 Nc6 2. b3 e5 3. Nc3 Nf6 4. e4 Bc5 5. Bb5 O-O 6. O-O d6 7. Bxc6 bxc6 8. d4 exd4 9. Nxd4 Ba6 10. Re1 Ng4 11. h3 Qf6 12. Be3 Nxe3 13. fxe3 Bb4 14. Qd2 c5 15. Rf1 Bxc3 16. Qxc3 cxd4 17. Rxf6 dxc3 18. Rf5 Rfe8 19. Kf2 Bb7 20. g3 Bxe4 21. Ra5 Re5 22. Ra4 f5 23. Rd1 Rc5 24. Rc1 Kf7 25. g4 g6 26. Kg3 Ke6 27. Kf4 h6 28. h4 g5+ 29. hxg5 hxg5+ 30. Kg3 d5 31. Ra6+ Ke7 32. Rh6 Rf8 33. Ra6 f4+ 34. Kf2 Rh8 35. exf4 gxf4 0-1

[Event "98th Caplin Hastings Masters 2024-25"]
[Site "Hastings"]
[Date "2024.12.29"]
[Round "2.44"]
[White "Bilandzic, Ante"]
[Black "Bryant, Marc A"]
[Result "1-0"]
[ECO "D02"]
[WhiteElo "1912"]
[BlackElo "1825"]
[Annotator "NA RC"]
[PlyCount "57"]
[EventDate "2024.12.23"]
[EventType "swiss"]
[EventCountry "ENG"]
[SourceTitle "playchess.com"]
[Source "ChessBase"]
[SourceQuality "1"]
[TimeControl "5400+30"]

1. d4 d5 2. Nf3 Nc6 3. Bf4 Bf5 4. e3 e6 5. Bb5 a6 6. Bxc6+ bxc6 7. Ne5 Ne7 8. c4 f6 9. Nf3 g5 10. Bg3 h5 11. h3 Bxb1 12. Rxb1 Nf5 13. Bh2 Bb4+ 14. Nd2 dxc4 15. O-O Bxd2 16. Qxd2 c5 17. Qc2 cxd4 18. Qxc4 Qd7 19. exd4 g4 20. Rfe1 Nxd4 21. Rbd1 Rd8 22. Rxd4 Qxd4 23. Qxe6+ Kf8 24. Bxc7 Kg7 25. Bxd8 Rxd8 26. Qf5 Rd5 27. Re7+ Kf8 28. Qh7 a5 29. Qf7# 1-0

[Event "98th Caplin Hastings Masters 2024-25"]
[Site "Hastings"]
[Date "2024.12.29"]
[Round "2.45"]
[White "Vaidyanathan, Adithya"]
[Black "Wilson, Matthew R"]
[Result "1-0"]
[ECO "D58"]
[WhiteElo "1904"]
[BlackElo "1766"]
[Annotator "NA RC"]
[PlyCount "99"]
[EventDate "2024.12.23"]
[EventType "swiss"]
[EventCountry "ENG"]
[SourceTitle "playchess.com"]
[Source "ChessBase"]
[SourceQuality "1"]
[TimeControl "5400+30"]

1. d4 d5 2. Nf3 Nf6 3. c4 e6 4. Nc3 Be7 5. Bg5 h6 6. Bh4 b6 7. cxd5 exd5 8. e3 O-O 9. Bd3 Bb7 10. O-O Nbd7 11. Rc1 c5 12. dxc5 bxc5 13. Bf5 Re8 14. Qb3 Qb6 15. Nd2 Rad8 16. Rfd1 Ne5 17. Qxb6 axb6 18. Bxf6 Bxf6 19. Na4 Ra8 20. Nxb6 Rxa2 21. Rxc5 Rd8 22. Nf1 g6 23. Bc8 Bxc8 24. Rxc8 Rxc8 25. Nxc8 Rxb2 26. Rxd5 h5 27. Nd6 Rb4 28. Nd2 Ng4 29. h3 Ne5 30. Kf1 Ra4 31. Ke2 Nc6 32. f4 Ra2 33. Rc5 Na5 34. Rc8+ Kh7 35. N6e4 Kg7 36. Kf3 Nb7 37. Rc7 Nd8 38. Rd7 Ne6 39. Nxf6 Kxf6 40. Ne4+ Kg7 41. Nd6 g5 42. Rxf7+ Kg8 43. Rf6 g4+ 44. hxg4 hxg4+ 45. Kxg4 Ng7 46. Kf3 Nh5 47. Rh6 Ng7 48. g4 Ra6 49. Nf5 Ra1 50. Rg6 1-0

[Event "98th Caplin Hastings Masters 2024-25"]
[Site "Hastings"]
[Date "2024.12.29"]
[Round "2.46"]
[White "Vaidyanathan, Sathya"]
[Black "Miller, Daniel"]
[Result "1/2-1/2"]
[ECO "B23"]
[WhiteElo "1908"]
[BlackElo "1789"]
[Annotator "NA RC"]
[PlyCount "75"]
[EventDate "2024.12.23"]
[EventType "swiss"]
[EventCountry "ENG"]
[SourceTitle "playchess.com"]
[Source "ChessBase"]
[SourceQuality "1"]
[TimeControl "5400+30"]

1. e4 c5 2. Nc3 d6 3. f4 g6 4. Nf3 Bg7 5. Bc4 Nc6 6. O-O e6 7. d3 Nge7 8. Bd2 Nd4 9. Nxd4 Bxd4+ 10. Kh1 O-O 11. Qe1 d5 12. Bb3 Bg7 13. Rd1 f5 14. e5 a6 15. a4 b6 16. Ne2 d4 17. Qg3 Nc6 18. Be1 Re8 19. c3 Bb7 20. Qh3 Qd7 21. Bh4 Kf7 22. Kg1 h5 23. Bg5 Na5 24. Bc2 Rac8 25. Qh4 Bf8 26. Bf6 Bg7 27. Bxg7 Kxg7 28. Ng3 Qd5 29. Nxh5+ gxh5 30. Qg5+ Kf7 31. Qf6+ Kg8 32. Rf3 h4 33. Qg5+ Kf7 34. Qf6+ Kg8 35. Qg6+ Kf8 36. Qf6+ Kg8 37. Qg6+ Kf8 38. Qf6+ 1/2-1/2

[Event "98th Caplin Hastings Masters 2024-25"]
[Site "Hastings"]
[Date "2024.12.29"]
[Round "2.47"]
[White "Keely, Leo A"]
[Black "Swiatkowski, Dominik"]
[Result "1-0"]
[ECO "C97"]
[WhiteElo "1899"]
[BlackElo "1744"]
[Annotator "NA RC"]
[PlyCount "107"]
[EventDate "2024.12.23"]
[EventType "swiss"]
[EventCountry "ENG"]
[SourceTitle "playchess.com"]
[Source "ChessBase"]
[SourceQuality "1"]
[TimeControl "5400+30"]

1. e4 e5 2. Nf3 Nc6 3. Bb5 a6 4. Ba4 Nf6 5. O-O Be7 6. Re1 b5 7. Bb3 d6 8. c3 O-O 9. h3 Na5 10. Bc2 c5 11. d4 Qc7 12. dxe5 dxe5 13. Nbd2 c4 14. Nf1 Rd8 15. Qe2 Nb7 16. Bg5 Nc5 17. Rad1 Bb7 18. Ng3 Ne6 19. Bc1 Bc5 20. Ng5 Nf4 21. Bxf4 exf4 22. Nf5 h6 23. Nf3 Rxd1 24. Qxd1 Re8 25. e5 Bxf3 26. Qxf3 Rxe5 27. Rd1 Re8 28. a4 b4 29. cxb4 Bxb4 30. Nd4 Bc5 31. b3 cxb3 32. Bxb3 Bxd4 33. Rxd4 Re1+ 34. Kh2 Qc1 35. Rd1 Rxd1 36. Bxd1 Qc8 37. Qxf4 Nd5 38. Qf3 Qc7+ 39. g3 Qe5 40. Bb3 Nf6 41. Qa8+ Kh7 42. Qxa6 Qb2 43. Qd3+ g6 44. Kg2 Ne4 45. Qf3 f5 46. Qe3 h5 47. h4 Qe5 48. Qa7+ Kh6 49. a5 Nf6 50. Qe3+ Qxe3 51. fxe3 Ne8 52. a6 Nc7 53. a7 g5 54. Bd5 1-0

[Event "98th Caplin Hastings Masters 2024-25"]
[Site "Hastings"]
[Date "2024.12.29"]
[Round "2.48"]
[White "Han, Yongsu"]
[Black "Stokes, Stephen"]
[Result "0-1"]
[ECO "B22"]
[WhiteElo "1718"]
[BlackElo "1866"]
[Annotator "NA RC"]
[PlyCount "98"]
[EventDate "2024.12.23"]
[EventType "swiss"]
[EventCountry "ENG"]
[SourceTitle "playchess.com"]
[Source "ChessBase"]
[SourceQuality "1"]
[TimeControl "5400+30"]

1. e4 c5 2. c3 d5 3. exd5 Qxd5 4. d4 Nc6 5. Nf3 Nf6 6. Bd3 Bg4 7. Be3 Bxf3 8. Qxf3 Qxf3 9. gxf3 cxd4 10. cxd4 O-O-O 11. Nc3 Nxd4 12. O-O-O e6 13. Be4 Nxe4 14. fxe4 Nc6 15. Rxd8+ Kxd8 16. Rd1+ Kc8 17. Nb5 a6 18. Nd6+ Bxd6 19. Rxd6 Rd8 20. Rxd8+ Kxd8 21. f4 e5 22. f5 g6 23. Kc2 gxf5 24. exf5 Ne7 25. Bg5 Kd7 26. Bf6 e4 27. Kb3 Nxf5 28. Kc4 Ke6 29. Bc3 Nh4 30. Kc5 Nf3 31. Kb6 e3 32. Kxb7 e2 33. Kxa6 e1=Q 34. Bxe1 Nxe1 35. b4 f5 36. b5 f4 37. b6 Nd3 38. Kb5 Ne5 39. b7 Nd7 40. Kc4 Ke5 41. Kc3 Ke4 42. Kd2 Kf3 43. a4 Kg2 44. a5 Nb8 45. Kc3 f3 46. Kd4 f2 47. Kc5 f1=Q 48. Kb6 Qa6+ 49. Kc7 Qa7 0-1

[Event "98th Caplin Hastings Masters 2024-25"]
[Site "Hastings"]
[Date "2024.12.29"]
[Round "2.49"]
[White "Kim, Taewoo A"]
[Black "Lee, Jungsoo"]
[Result "1-0"]
[ECO "E70"]
[WhiteElo "1863"]
[BlackElo "1705"]
[Annotator "NA RC"]
[PlyCount "89"]
[EventDate "2024.12.23"]
[EventType "swiss"]
[EventCountry "ENG"]
[SourceTitle "playchess.com"]
[Source "ChessBase"]
[SourceQuality "1"]
[TimeControl "5400+30"]

1. d4 Nf6 2. c4 g6 3. Nc3 Bg7 4. e4 O-O 5. Nge2 c5 6. d5 e6 7. Ng3 exd5 8. cxd5 d6 9. Be2 Na6 10. O-O Nc7 11. a4 b6 12. Bg5 h6 13. Be3 a6 14. Qd2 Kh7 15. f4 Re8 16. Rae1 Rb8 17. e5 dxe5 18. d6 Ne6 19. fxe5 Nd7 20. Rxf7 Nxe5 21. Rff1 Nd4 22. Bxd4 cxd4 23. Nce4 b5 24. axb5 axb5 25. Rc1 Nc4 26. Bxc4 bxc4 27. Rf7 Rf8 28. Rxg7+ Kxg7 29. Qxd4+ Kh7 30. Rxc4 Rb7 31. Nc5 Rbf7 32. h3 Rf4 33. Nce4 R4f7 34. Kh2 Be6 35. Ra4 Rf4 36. Qe5 Bd7 37. Ra7 R4f7 38. Nc5 Qc8 39. Nxd7 Rxd7 40. Rxd7+ Qxd7 41. Ne4 Qf5 42. Qxf5 gxf5 43. Nc5 Rf6 44. d7 Rd6 45. Ne6 1-0

[Event "98th Caplin Hastings Masters 2024-25"]
[Site "Hastings"]
[Date "2024.12.29"]
[Round "2.51"]
[White "Flynn, David"]
[Black "Raffin-Sumyk, Piermael"]
[Result "1-0"]
[ECO "C00"]
[WhiteElo "1834"]
[BlackElo "1512"]
[Annotator "NA RC"]
[PlyCount "109"]
[EventDate "2024.12.23"]
[EventType "swiss"]
[EventCountry "ENG"]
[SourceTitle "playchess.com"]
[Source "ChessBase"]
[SourceQuality "1"]
[TimeControl "5400+30"]

1. e4 e6 2. d4 d5 3. Bd3 dxe4 4. Bxe4 c5 5. Ne2 Nf6 6. Bf3 cxd4 7. Qxd4 Qxd4 8. Nxd4 a6 9. O-O Bc5 10. Nb3 Bb6 11. Nc3 O-O 12. Na4 Bc7 13. Be3 Nbd7 14. Nac5 Rb8 15. Nxd7 Bxd7 16. Ba7 Ra8 17. Bc5 Rfb8 18. Rfd1 Bc6 19. Bxc6 bxc6 20. Bd6 Bxd6 21. Rxd6 Rc8 22. Nc5 Kf8 23. c4 Ke7 24. Rad1 Rab8 25. b3 a5 26. Kf1 Ra8 27. Ke2 Ra7 28. R6d3 Rcc7 29. Kd2 Nd7 30. Nxd7 Rxd7 31. Kc3 Rxd3+ 32. Rxd3 c5 33. a3 h6 34. Rd2 Rb7 35. Rb2 Kd6 36. b4 axb4+ 37. axb4 Rxb4 38. Rxb4 cxb4+ 39. Kxb4 Kc6 40. h4 e5 41. h5 f5 42. c5 Kc7 43. Kb5 e4 44. g3 Kb7 45. c6+ Kc7 46. Kc5 Kd8 47. Kd6 Kc8 48. c7 g5 49. hxg6 h5 50. g7 f4 51. g8=Q+ Kb7 52. Qb8+ Ka6 53. c8=Q+ Ka5 54. Qc5+ Ka4 55. Qcb4# 1-0

[Event "98th Caplin Hastings Masters 2024-25"]
[Site "Hastings"]
[Date "2024.12.29"]
[Round "3.1"]
[White "Boyer, Mahel"]
[Black "Kaasen, Tor Fredrik"]
[Result "1-0"]
[ECO "B81"]
[WhiteElo "2526"]
[BlackElo "2473"]
[Annotator "TA"]
[PlyCount "89"]
[EventDate "2024.12.23"]
[EventType "swiss"]
[EventCountry "ENG"]
[SourceTitle "playchess.com"]
[Source "ChessBase"]
[SourceQuality "1"]
[TimeControl "5400+30"]

1. e4 c5 2. Nf3 d6 3. d4 cxd4 4. Nxd4 Nf6 5. Nc3 a6 6. h3 e6 7. g4 b5 8. g5 Nfd7 9. Be3 b4 10. Na4 Bb7 11. Bg2 Be7 12. f4 O-O 13. O-O Nc6 14. b3 Nxd4 15. Qxd4 a5 16. Rad1 Bc6 17. Nb2 e5 18. Qd2 exf4 19. Bxf4 Ne5 20. h4 Bb5 21. Rf2 Re8 (21... Qc8 $17) 22. Qd5 Qb6 $1 (22... Bc6 23. Qd4) 23. Bg3 Rac8 24. Rdd2 Bc6 ({Better is} 24... Kh8 $17 25. Nd1 Bc6) 25. Qd4 $15 Bd8 26. Nc4 Qxd4 27. Rxd4 Nxc4 28. Rxc4 Bb6 (28... Bb7 {simplifies} 29. Rxc8 Bxc8 30. Rd2 f6) 29. Bh3 $1 (29. Bxd6 $2 Bb5 (29... Bxf2+ $2 30. Kxf2 Bb5 31. Rc7 $19) 30. Rxc8 Rxc8 $19 (30... Bxf2+ $2 31. Kxf2 Rxc8 32. Ke3 $19)) 29... Bb7 (29... Bxf2+ $6 30. Kxf2 f5 31. gxf6 $16 (31. Bxd6 $2 Bxe4 32. Bf1 Bxc2 $19) (31. Bxf5 d5 $16)) (29... Bc5 $1 $11 30. Bxc8 Rxc8) 30. Bxc8 $16 Rxc8 (30... Bxc8 $16 {might work better.} 31. Bxd6 Ba6) 31. Rxc8+ $18 Bxc8 32. Kg2 ({Don't take} 32. Bxd6 $6 Bb7 $14) 32... Bxf2 33. Kxf2 d5 34. Bc7 a4 35. exd5 Kf8 $2 (35... Bf5 36. bxa4 Bxc2) 36. Bd6+ $18 (36. bxa4 Bb7 37. d6 Ke8 $18) 36... Ke8 37. Bxb4 (37. bxa4 Bb7 38. Ke3 (38. Bxb4 Bxd5 39. Ke3 Bxa2 $16) 38... Bxd5 39. Bxb4 Bxa2 $16) 37... Bf5 38. c4 (38. bxa4 Bxc2 39. a5 Be4 $18) 38... Bb1 39. c5 ({Not} 39. bxa4 Bxa2 40. Ke3 Bxc4 $18) (39. Ke3 $142 Bxa2 40. Kd4 (40. bxa4 Bxc4 41. Kd4 Be2 $18) 40... axb3 41. Bc3 (41. Ba3 f5 $18)) 39... axb3 $18 40. axb3 Bc2 $2 (40... Be4 $18 41. d6 Bd5) 41. Ke3 Bxb3 42. Kd4 f6 43. gxf6 gxf6 44. c6 f5 45. d6 1-0

[Event "98th Caplin Hastings Masters 2024-25"]
[Site "Hastings"]
[Date "2024.12.29"]
[Round "3.2"]
[White "Ghazarian, Kirk"]
[Black "Vestby-Ellingsen, Mads"]
[Result "1/2-1/2"]
[ECO "D30"]
[WhiteElo "2501"]
[BlackElo "2383"]
[Annotator "TA"]
[PlyCount "120"]
[EventDate "2024.12.23"]
[EventType "swiss"]
[EventCountry "ENG"]
[SourceTitle "playchess.com"]
[Source "ChessBase"]
[SourceQuality "1"]
[TimeControl "5400+30"]

1. c4 e6 2. g3 d5 3. Bg2 Nf6 4. Nf3 Be7 5. O-O O-O 6. d4 dxc4 7. Qc2 c6 8. Qxc4 b5 9. Qc2 Bb7 10. Rd1 {[%emt 0:00:04] D30: Queen's Gambit Declined: Systems without Nc3.} Nbd7 11. Ne5 Nxe5 12. dxe5 Nd5 13. Nc3 Qb8 14. Nxd5 cxd5 15. Be3 $146 ({Predecessor:} 15. f4 Rc8 16. Qd3 b4 17. Be3 a5 18. Bd4 Ba6 19. Qd2 b3 20. axb3 Qxb3 21. Qxa5 Bxe2 22. Qxa8 Qxd1+ 23. Rxd1 Rxa8 {½-½ Bluebaum,M (2655)-Erdos,V (2552) AUT-chT 2324 2023 (11.2)}) 15... Rc8 16. Qb3 b4 17. Bd4 a5 18. e4 dxe4 19. Qe3 Bd5 20. Bxe4 Qb7 21. Bxd5 Qxd5 22. Bb6 Qb7 23. Rac1 h6 24. h4 Rxc1 25. Rxc1 Qd5 26. a4 bxa3 27. bxa3 Rb8 28. a4 Bb4 (28... g5 $15 29. Kh2 Kh7 (29... gxh4 30. gxh4 Rxb6 31. Qxb6 $14)) 29. Qd4 $11 Qxd4 30. Bxd4 Ba3 31. Rc4 Rb1+ 32. Kg2 Bb4 33. h5 Rb3 34. Bc5 Kh7 35. Bd6 Ra3 36. Rc7 Rxa4 37. Rxf7 Bxd6 38. exd6 Rd4 39. Ra7 Rxd6 40. Rxa5 Rd7 41. Ra8 Re7 42. Kh3 g6 43. Kg4 Kg7 44. Rc8 gxh5+ 45. Kxh5 Rf7 46. Rc2 Rf5+ 47. Kg4 Kg6 48. f4 Ra5 49. Rc6 Kf6 50. Kh4 Ra4 51. Rc5 Ra3 52. Kg4 Rb3 53. Rh5 Kg6 54. Ra5 Kf6 55. Ra8 Rb5 56. Ra2 Rc5 57. Rh2 Kg6 58. Re2 Kf6 59. Rd2 Ra5 60. Rd6 Rb5 1/2-1/2

[Event "98th Caplin Hastings Masters 2024-25"]
[Site "Hastings"]
[Date "2024.12.29"]
[Round "3.3"]
[White "Gormally, Daniel W"]
[Black "Seo, Jung Min"]
[Result "1/2-1/2"]
[ECO "D38"]
[WhiteElo "2424"]
[BlackElo "2491"]
[Annotator "TA"]
[PlyCount "51"]
[EventDate "2024.12.23"]
[EventType "swiss"]
[EventCountry "ENG"]
[SourceTitle "playchess.com"]
[Source "ChessBase"]
[SourceQuality "1"]
[TimeControl "5400+30"]

1. d4 Nf6 2. c4 e6 3. Nf3 d5 4. Nc3 Bb4 5. cxd5 exd5 6. Qa4+ Nc6 7. Bg5 h6 8. Bxf6 Qxf6 9. e3 O-O 10. Be2 Rd8 11. O-O Bf8 12. Rfc1 Be6 13. Qd1 Ne7 14. Na4 c6 15. Nc5 Rab8 16. b4 Bf5 17. Ne5 Ng6 18. Nxg6 Qxg6 19. Bd3 Bxc5 20. Bxf5 Qxf5 21. Rxc5 a6 22. a4 Rd6 23. Qc2 Qxc2 24. Rxc2 Ra8 25. g3 Kf8 26. Rac1 1/2-1/2

[Event "98th Caplin Hastings Masters 2024-25"]
[Site "Hastings"]
[Date "2024.12.29"]
[Round "3.4"]
[White "Golding, Alex"]
[Black "Laurent-Paoli, Pierre"]
[Result "0-1"]
[ECO "B45"]
[WhiteElo "2405"]
[BlackElo "2559"]
[Annotator "TA"]
[PlyCount "62"]
[EventDate "2024.12.23"]
[EventType "swiss"]
[EventCountry "ENG"]
[SourceTitle "playchess.com"]
[Source "ChessBase"]
[SourceQuality "1"]
[TimeControl "5400+30"]

1. e4 c5 2. Nf3 Nc6 3. Nc3 e6 4. d4 cxd4 5. Nxd4 Nf6 6. Nxc6 bxc6 7. e5 Nd5 8. Ne4 Qc7 9. f4 $1 Rb8 10. c4 $1 Bb4+ 11. Kf2 (11. Ke2 $14) 11... f5 $11 12. cxd5 fxe4 13. d6 Qa5 (13... Bc5+ 14. Kg3 Qa5 15. Bd2 $14) 14. Kg3 O-O 15. Bc4 ({White should play} 15. Kh3 $11) 15... Bc3 {[%emt 0:24:32] and ...Rxb2 would now be decisive} 16. Rf1 (16. bxc3 $2 Qxc3+ 17. Kg4 Qxa1 $19) (16. Qe2 $1 $11 {remains equal.} Bxe5 17. fxe5 Qxe5+ 18. Kh3) 16... Bxb2 $17 17. Bxb2 Rxb2 18. Qd4 {[%emt 0:01:28] Wards off Qc3+} (18. Qc1 $17 Rd2 19. h4) 18... Qa3+ $19 19. Bb3 Ba6 20. Rfc1 $2 (20. Rfb1 {was necessary.} Rxb1 21. Rxb1) 20... Bd3 (20... g5 $142 21. fxg5 Rff2) 21. Rc3 {[%emt 0:03:10][%cal Ob3e6] [#]} Qa6 (21... Rxg2+ $1 $19 22. Kxg2 Qb2+ (22... Rxf4 $2 23. Bxe6+ dxe6 24. Rxa3 $18) 23. Bc2 c5 (23... Qxa1 24. Rxd3 Qc1 25. Rd2 $14) (23... Bxc2 24. Rc4 $11) 24. Qxc5 Qxa1 25. Bxd3 exd3) 22. Rac1 {[%emt 0:07:15][%cal Oc3c6] [#] Hoping for Rxc6!.} Qb6 $1 {[%emt 0:02:41] Dancing on a razor blade. Black is more active.} 23. Rc5 $2 (23. Rxd3 $2 exd3 24. Qxb6 (24. Qxb2 Qe3+ 25. Kg4 Rxf4+ 26. Kh5 Rf5+ 27. Kh4 Qf4+ 28. g4 Rh5+ 29. Kxh5 Qh6#) 24... axb6 $19) (23. Qxb6 $17 {nothing else works.} axb6 24. h4 (24. Bc2 $2 Rb4 $17)) 23... Re2 24. Bc4 (24. Rf1 $19 Rxa2 25. Bxa2 Bxf1 26. h4) 24... Qd8 25. Bxe6+ dxe6 26. Rxc6 Qe8 ({Inferior is} 26... Rxa2 27. Rc8 Qd7 (27... Qxc8 $2 28. Rxc8 Rxc8 29. d7 $18) 28. R1c7 $11) 27. Rc8 Qg6+ (27... Qxc8 $2 {is the wrong capture.} 28. Rxc8 Rxc8 29. d7 $18) 28. Kh4 Qh6+ 29. Kg3 Qxf4+ 30. Kh3 Qh6+ 31. Kg3 Qg5+ 0-1

[Event "98th Caplin Hastings Masters 2024-25"]
[Site "Hastings"]
[Date "2024.12.29"]
[Round "3.5"]
[White "Golding, James"]
[Black "Struck, Lasse"]
[Result "1-0"]
[ECO "E11"]
[WhiteElo "2203"]
[BlackElo "1983"]
[Annotator "RC"]
[PlyCount "127"]
[EventDate "2024.12.23"]
[EventType "swiss"]
[EventCountry "ENG"]
[SourceTitle "playchess.com"]
[Source "ChessBase"]
[SourceQuality "1"]
[TimeControl "5400+30"]

1. d4 Nf6 2. c4 e6 3. Nf3 Bb4+ 4. Bd2 a5 5. g3 d6 6. Bg2 Nbd7 7. O-O e5 8. e3 Bxd2 9. Nfxd2 O-O 10. Nc3 c6 11. Qc2 Re8 12. Rac1 exd4 13. exd4 Qb6 14. c5 Qb4 15. Nde4 dxc5 16. dxc5 Nxc5 17. Nxf6+ gxf6 18. a3 Qb6 19. Nd5 cxd5 20. Qxc5 Qxc5 21. Rxc5 b6 22. Rxd5 Bb7 23. Rd6 Bxg2 24. Kxg2 Rab8 25. Rxf6 Re2 26. b4 axb4 27. axb4 Re4 28. Rb1 b5 29. Rf5 Kg7 30. Kf3 Rc4 31. Rc5 Rd4 32. Ke3 Rd6 33. Rf5 Re8+ 34. Kf3 Rd3+ 35. Kg2 Rb8 36. Rc1 Rb7 37. Rcc5 Rd4 38. Rf4 Rxf4 39. gxf4 Kf6 40. Kf3 Ke6 41. Kg4 Kf6 42. h3 Rb8 43. Kf3 Rb7 44. Ke4 Ke6 45. Rc6+ Ke7 46. Kd5 Rd7+ 47. Kc5 Rd3 48. Rh6 Rf3 49. Rh4 Rxf2 50. Kxb5 Kd6 51. Kb6 Kd5 52. b5 f5 53. Kc7 Rc2+ 54. Kb7 Rb2 55. b6 Ke4 56. Kc7 Rc2+ 57. Kb8 h5 58. b7 Rc3 59. Rxh5 Kxf4 60. Rh8 Kg3 61. Ka7 Ra3+ 62. Kb6 Rb3+ 63. Kc6 f4 64. Rb8 1-0